 Dungeon Crawl Stone Soup version 0.31.0-12-g77e489cdc1 (webtiles) character file.

Game seed: 15111889252862239752

615990 Nilihum the Wishgranter (level 27, -67/241 HPs)
             Began as a Djinni Conjurer on Feb 29, 2024.
             Was the Champion of Makhleb.
             Killed from afar by an ancient lich (illusionary) (107 damage)
             ... with a crystal spear
             ... led by Vaaviall
             ... on level 12 of the Dungeon on Mar 1, 2024.
             The game lasted 04:35:19 (85917 turns).

Nilihum the Wishgranter (Djinni Conjurer)          Turns: 85917, Time: 04:35:20

Health: -67/241    AC: 30    Str:  6    XL:     27
Gold:   8574       EV: 19    Int: 35    God:    Makhleb [******] SH: 19 Dex: 14

rFire   + + +        Y - staff of Doskyuthie {rPois rF+ rN+ Dex-5 Alchemy}
rCold   + + .        Z - +5 kite shield {rC+ rF+}
rNeg    + + .        a - melded +2 robe {rC+ rF+}
rPois   ∞            R - +0 hat "Avothoop" {rElec rF+ Dex+3}
rElec   +            N - +2 cloak
rCorr   +            K - melded +0 pair of gloves
SInv    +            (boots unavailable)
Will    ++++.        f - amulet of Edwa {rC+ Regen+ rCorr Int+2 SInv}
Stlth   +            i - ring of willpower
HPRegen 1.40/turn    A - ring of the Blushing Gods {Ice rElec rPois Int+3 Stlth-}
MPRegen 0.00/turn

%: random rage (3%), infuse magic (-68 HP)
@: about to teleport, statue-form, flying, hasted, studying 2 skills, quick
A: slow and powerful, torment resistance 1, flying, boosted hp, sickness
immunity, fire resistance 2, cold vulnerability 1, float, innate caster, HP
casting, extra vitality 1, berserk 1, strong-willed 1, sense surroundings 1,
electricity resistance, MP-powered wands
0: Orb of Zot
}: 3/15 runes: serpentine, barnacled, slimy
a: Begin Untransformation, Renounce Religion, Minor Destruction, Lesser Servant
of Makhleb, Major Destruction, Greater Servant of Makhleb


You were on level 12 of the Dungeon.
You worshipped Makhleb.
Makhleb was exalted by your worship.
You were a living statue of rough stone.
You visited 12 branches of the dungeon, and saw 55 of its levels.
You visited the Abyss 1 time.
You also visited: Bailey.

You collected 8854 gold pieces.
You spent 280 gold pieces at shops.

Inventory:

Hand Weapons
 j - a +0 trident
Armour
 a - a +2 robe of resistance (melded)
 v - the orb "Bilane" {mayhem, rElec Dex+4 Tloc}
   (You found it on level 1 of the Realm of Zot)

   Dex+4:     It affects your dexterity (+4).
   rElec:     It insulates you from electricity.
   Tloc:      It increases the power of your Translocations spells.
 K - a +0 pair of gloves (melded)
 N - a +2 cloak (worn)
 R - the +0 hat "Avothoop" (worn) {rElec rF+ Dex+3}
   (You found it on level 14 of the Dungeon)

   Dex+3:     It affects your dexterity (+3).
   rF+:       It protects you from fire.
   rElec:     It insulates you from electricity.
 Z - a +5 kite shield of resistance (worn)
Magical Staves
 U - the staff of the Establishment {*Slow rC++ rN+ Stlth+ Hexes Necro}
   (You found it on level 3 of the Crypt)

   [staff of death]

   Base accuracy: +5 Base damage: 5 Base attack delay: 1.2 This weapon's minimum
   attack delay (0.6) is reached at skill level 12.
   rC++:      It greatly protects you from cold.
   rN+:       It protects you from negative energy.
   *Slow:     It may slow you when you take damage.
   Stlth+:    It makes you more stealthy.
   Hexes:     It increases the power of your Hexes spells.
   Necro:     It increases the power of your Necromancy spells.
   It falls into the 'Staves' category.
   It is a one-handed weapon.
 Y - the staff of Doskyuthie (weapon) {rPois rF+ rN+ Dex-5 Alchemy}
   (You acquired it on level 1 of the Shoals)

   [staff of alchemy]

   Base accuracy: +5 Base damage: 5 Base attack delay: 1.2 This weapon's minimum
   attack delay (0.6) is reached at skill level 12.
   Dex-5:     It affects your dexterity (-5).
   rF+:       It protects you from fire.
   rPois:     It protects you from poison rN+: It protects you from negative
   energy.
   Alchemy:   It increases the power of your Alchemy spells.
   It falls into the 'Staves' category.
   It is a one-handed weapon.
Jewellery
 e - a ring of protection from cold
 f - the amulet of Edwa (around neck) {rC+ Regen+ rCorr Int+2 SInv}
   (You took it off a deep elf high priest on level 4 of the Depths)

   [amulet of regeneration]

   Int+2:     It affects your intelligence (+2).
   rC+:       It protects you from cold.
   SInv:      It lets you see invisible.
   Regen+:    It increases your rate of health regeneration.
   rCorr:     It protects you from acid and corrosion.
 i - a ring of willpower (left fist)
 m - the amulet of Ilieril {Faith Int+3 Stlth+}
   (You acquired it on level 8 of the Dungeon)

   [amulet of faith]

   Faith:     It allows you to gain divine favour quickly.
   Int+3:     It affects your intelligence (+3).
   Stlth+:    It makes you more stealthy.
 q - a ring of willpower
 r - a ring of positive energy
 z - the ring "Wines" {rN++ Str+4 SInv}
   (You took it off a deep elf demonologist on level 3 of the Elven Halls)

   [ring of see invisible]

   Str+4:     It affects your strength (+4).
   rN++:      It greatly protects you from negative energy.
   SInv:      It lets you see invisible.
 A - the ring of the Blushing Gods (right fist) {Ice rElec rPois Int+3 Stlth-}
   (You found it on level 7 of the Dungeon)

   [ring of ice]

   Ice:       It enhances your ice magic.
   Int+3:     It affects your intelligence (+3).
   rF-:       It makes you vulnerable to fire.
   rC+:       It protects you from cold.
   rElec:     It insulates you from electricity.
   rPois:     It protects you from poison Stlth-: It makes you less stealthy.
 C - a ring of protection from cold
 M - a ring of protection from cold
 O - a +6 ring of intelligence
 S - the amulet of Digeof {Fly rPois Regen+ Stlth+}
   (You found it on level 14 of the Dungeon)

   [amulet of regeneration]

   rPois:     It protects you from poison Fly: It grants you flight.
   Regen+:    It increases your rate of health regeneration.
   Stlth+:    It makes you more stealthy.
 V - a ring of protection from cold
Talismans
 s - a granite talisman (active)
 w - a talisman of death
Wands
 n - a wand of acid (53)
 x - a wand of polymorph (19)
 y - a wand of iceblast (28)
 B - a wand of paralysis (60)
 F - a wand of digging (17)
 G - a wand of flame (98)
 X - a wand of mindburst (34)
Scrolls
 k - 4 scrolls of enchant armour
 l - 17 scrolls of teleportation
 o - 9 scrolls of fear
 u - a scroll of butterflies
 J - 9 scrolls of poison
 L - 3 scrolls of revelation
 Q - 9 scrolls of fog
 W - 9 scrolls of immolation
Potions
 b - 5 potions of enlightenment
 d - 4 potions of haste
 g - 20 potions of curing
 h - 4 potions of ambrosia
 p - 5 potions of might
 t - a potion of cancellation
 D - 7 potions of lignification
 E - 10 potions of brilliance
 I - 7 potions of resistance
 P - 5 potions of mutation
 T - 2 potions of invisibility


   Skills:
 + Level 22.7 Fighting
 - Level 18.0 Dodging
 - Level 1.5 Stealth
 - Level 16.0 Shields
 O Level 27 Spellcasting
 O Level 27 Conjurations
 O Level 27 Hexes
 O Level 27 Summonings
 O Level 27 Necromancy
 O Level 27 Translocations
 O Level 27 Fire Magic
 O Level 27 Ice Magic
 O Level 27 Air Magic
 O Level 27 Earth Magic
 O Level 27 Alchemy
 - Level 16.0 Shapeshifting


You knew the following spells:

 Your Spells              Type           Power      Damage    Failure   Level
a - Magic Dart            Conj           100%       1d8       0%          1
b - Searing Ray           Conj           100%       2d8       0%          2
c - Fulminant Prism       Conj/Alch      75%        3d31      0%          4
d - Iskenderun's Mystic   Conj/Tloc      100%       2d19      0%          4
e - Foxfire               Conj/Fire      100%       2x1d9     0%          1
f - Jinxbite              Hex            100%       N/A       0%          2
g - Lesser Beckoning      Tloc           100%       N/A       0%          2
h - Sigil of Binding      Hex            100%       N/A       0%          3
i - Alistair's Intoxicat  Alch           100%       N/A       0%          5
j - Iskenderun's Battles  Conj           100%       2d15      0%          5
k - Starburst             Conj/Fire      62%        6d16      0%          6
l - Summon Hydra          Summ           62%        N/A       0%          7
m - Death Channel         Necr           62%        N/A       0%          6
n - Summon Horrible Thin  Summ           62%        N/A       1%          8
o - Fire Storm            Conj/Fire      62%        8d16      1%          9
p - Lehudib's Crystal Sp  Conj/Erth      62%        10d14     1%          8
q - Borgnjor's Revivific  Necr           62%        N/A       1%          8
Your spell library was empty.

Dungeon Overview and Level Annotations

Branches:
Dungeon (15/15)            Temple (1/1) D:6            Lair (5/5) D:10
 Shoals (4/4) Lair:2        Snake (4/4) Lair:3        Slime (5/5) Lair:5
    Orc (2/2) D:12            Elf (3/3) Orc:2        Vaults (4/5) D:14
  Crypt (3/3) Vaults:2       Tomb (0/3) Crypt:3      Depths (4/4) D:15
    Zot (5/5) Depths:4     Bailey (visited)

Altars:
Ashenzari
Cheibriados
Dithmenos
Elyvilon
Fedhas
Gozag
Hepliaklqana
Makhleb
Nemelex Xobeh
Okawaru
Qazlal
Ru
Trog
Uskayaw
Wu Jian
Xom
Yredelemnul
Zin
The Shining One
Ignis
Jiyva

Shops:
D:7 =   D:12 (   D:14 :   Orc:1 [   Orc:2 (=![   Shoals:3 [   Snake:2 ::
Vaults:2 (   Vaults:3 (=   Depths:1 :(

Portals:
Hell: Depths:1 Depths:2 Depths:3 Depths:4
Abyss: Depths:1 Depths:3
Pandemonium: Depths:2 Depths:3
Ziggurat: Depths:3

Annotations:
D:4 2 transporters
Shoals:2 Frances
Shoals:4 1 runed translucent door, MrCrawl's ghost, adept MiBe
Orc:2 1 runed translucent door, mopl's ghost, journeyman GrFi
Elf:2 1 runed translucent door, diceflayer's ghost, adept DsFi
Vaults:4 Mennas
Zot:5 exclusion: obsidian statue


Innate Abilities, Weirdness & Mutations

You are a living statue of rough stone.
Your actions are slow, but your melee attacks are powerful.
You are resistant to unholy torment.
You are flying.
Your maximum health is greatly increased.
Your equipment is partially melded.
You are immune to sickness and miasma.
You are immune to poison.
Your flesh is very heat resistant. (rF++)
You are vulnerable to cold. (rC-)
You float through the air rather than walking.
You learn spells naturally, not from books.
Your magical power is your life essence.
You have superior vitality. (+4 MHP)
You sometimes lose your temper in combat.
You are strong-willed. (Will+)
You passively map a small area around you.
You are resistant to electric shocks. (rElec)
You expend health (3 HP) to strengthen your wands.


Message History

Your large abomination hits the sixfirhy!
The sixfirhy dies!
Makhleb accepts your kill.
Your large abomination hits the soul eater!
You feel much better. Vaaviall completely misses you.
The ancient lich touches you but does no damage.
The soul eater hits your large abomination but does no damage.
The rakshasa gestures at you.
The lance of force hits your large abomination!!
Your large abomination is knocked back by the lance of force.
Your large abomination collides with the ancient lich!
Your large abomination is heavily damaged.
Vaaviall gestures at you. The bolt of lightning misses you.
The ancient lich touches you but does no damage.
You block the ancient lich's attack.
Your large abomination hits the soul eater but does no damage.
The soul eater hits your large abomination!
The rakshasa weaves an illusion.
The ancient lich shimmers and seems to become two!
Vaaviall calls on the powers of darkness!
Your body is wracked with pain!
* * * LOW HITPOINT WARNING * * *
Okay, then.
You feel yourself speed up. The ancient lich touches you.
* * * LOW HITPOINT WARNING * * *
Vaaviall misses you. You block the ancient lich's attack.
Your large abomination hits the soul eater.
Your large abomination hits the rakshasa!
Vaaviall headbutts you!
* * * LOW HITPOINT WARNING * * *
Your large abomination hits the soul eater!!
The soul eater dies!
Makhleb accepts your kill.
Unknown command.
Vaaviall attacks as it pursues you! Vaaviall completely misses you.
Your large abomination hits the rakshasa!
The ancient lich casts a spell at you. The crystal spear hits you!!!!
You die...

....##.#.....#.......##...^......
....##..##.##......##.#.....(....
....##.#.#.#####..#####......###.
....###..#.####.#...#.#......##..
...###.#....##...#.#.#...........
...###.#.#..#..#.....##..).......
....###.##.###.########..........
....###.###############..........
................8LL>X............
.....<..........L&...R...........
...##............................
...###...........X...............
...........<........#.##.........
.........(.........####..##......
...........)........##...##......
.....##....#.........#...........
..........##.........##.#....#...


You could see Vaaviall (fast), 3 ancient liches, a rakshasa (ally target) and 2
friendly large abominations.

Vanquished Creatures
  the Royal Jelly (Slime:5)
  Frederick (Vaults:3)
  Khufu (Crypt:1)
  4 ancient liches (Zot:5)
  9 orbs of fire
  3 Killer Klowns (Zot:5)
  3 caustic shrikes
  2 curse toes
  11 golden dragons
  A bone dragon (Crypt:3)
  3 electric golems
  An Ice Fiend (Depths:2)
  Rupert (Lair:3)
  2 walking crystal tomes (Depths:1)
  A walking earthen tome (Depths:1)
  24 Orb Guardians
  6 liches
  3 titans
  4 quicksilver dragons
  15 tentacled monstrosities
  A Hell Sentinel (Depths:4)
  Asterion (Snake:1)
  3 deep elf blademasters
  A walking divine tome (Depths:1)
  A deep elf master archer (Elf:3)
  15 acid blobs
  Polyphemus (Shoals:2)
  A walking frostbound tome (Depths:1)
  14 death cobs
  5 sphinxes
  An Executioner (D:12)
  Kirke (Shoals:1)
  5 ancient champions
  3 shadow dragons
  11 storm dragons
  Aizul (Snake:4)
  Agnes (Elf:2)
  3 tengu reavers
  12 draconian knights
  A revenant (Crypt:3)
  2 narguns (Depths:1)
  4 fire giants
  2 protean progenitors
  3 nagarajas
  6 draconian shifters
  Roxanne (Shoals:1)
  10 rockslimes
  Ilsuiw (Shoals:2)
  9 frost giants
  11 draconian monks
  7 azure jellies
  A deep elf sorcerer (Elf:3)
  Louise (Snake:1)
  12 vault wardens
  17 draconian scorchers
  2 deep elf elementalists (Elf:3)
  2 ghouls
  3 draconian stormcallers
  A ghost moth (Zot:5)
  The ghost of Jaliuk the Eclecticist, a journeyman DECj of Vehumet (D:14)
  10 ironbound preservers
  4 spriggan defenders
  3 orc warlords
  11 quicksilver oozes
  A juggernaut zombie (Depths:4)
  3 curse skulls
  7 draconian annihilators
  6 green draconians
  14 very ugly things
  6 black draconians
  7 formless jellyfish
  13 dire elephants
  11 yellow draconians
  12 stone giants
  5 deep elf demonologists
  The ghost of Ruloc the Spear-Bearer, a journeyman GrBe of Trog (D:14)
  5 vampire knights
  8 deep elf annihilators
  8 white draconians
  4 deep elf death magi
  6 spark wasps
  5 purple draconians
  A war gargoyle (Vaults:2)
  17 red draconians
  A merfolk javelineer (Shoals:1)
  8 yaktaur captains
  Josephine (Lair:5)
  3 mummy priests (Crypt:1)
  14 fire dragons
  13 jiangshi
  15 merfolk impalers
  2 entropy weavers (Depths:4)
  2 blizzard demons
  4 deep elf high priests
  10 ettins
  7 vault guards
  A quicksilver dragon skeleton (Crypt:1)
  5 rakshasas
  3 salamander tyrants
  14 ice dragons
  7 centaur warriors
  15 great orbs of eyes
  5 ogre magi
  7 spriggan air magi
  A jorogumo (Zot:4)
  9 ironbound frosthearts
  5 catoblepae
  2 peacekeepers (Vaults:2)
  14 anacondas
  7 alligator snapping turtles
  A spriggan skeleton (Crypt:2)
  3 hydras
  8 boulder beetles
  2 death knights
  A satyr (Shoals:4)
  25 dancing weapons
  A merfolk aquamancer (Shoals:1)
  2 merfolk avatars
  13 death yaks
  4 deep troll earth magi
  6 deep troll shamans
  5 two-headed ogres
  7 tengu warriors
  9 vampire magi
  A hell hog (Lair:5)
  17 naga sharpshooters
  8 shock serpents
  An orc high priest (Elf:3)
  17 deep elf knights
  16 naga warriors
  7 occultists
  6 spriggan berserkers
  3 spriggans (Depths:2)
  A titan zombie (Crypt:2)
  Nergalle (D:11)
  A wretched star (Abyss:2)
  24 skeletal warriors
  8 skysharks
  4 shadow wraiths (Crypt:3)
  An anaconda zombie (Crypt:2)
  7 glowing orange brains
  9 iron trolls
  3 naga ritualists
  3 salamander mystics
  6 arcanists
  A ghost moth zombie (Crypt:2)
  13 sea snakes
  19 deep trolls
  A bog body (Lair:3)
  5 mana vipers
  8 flayed ghosts
  A mana viper (shapeshifter) (Depths:4)
  9 starcursed masses (Abyss:2)
  A kraken simulacrum (Shoals:4)
  10 deep elf archers
  12 ironbound convokers
  4 phantasmal warriors
  11 orc knights
  13 lindwurms
  25 harpies
  18 deep elf pyromancers
  4 large abominations (Abyss:2)
  15 deep elf zephyrmancers
  7 necromancers
  31 ugly things
  9 salamanders
  A wolf spider zombie (Crypt:2)
  11 orc sorcerers
  An iron dragon zombie (Crypt:2)
  3 fauns (Shoals:2)
  6 cyclopes
  3 shining eyes
  Maurice (D:8)
  A shining eye (shapeshifter) (Depths:4)
  10 elephants (Lair:5)
  10 manticores
  A worldbinder (Abyss:2)
  An elephant (shapeshifter) (Depths:4)
  3 meliai (D:15)
  23 moths of wrath
  An eye of devastation (shapeshifter) (Depths:4)
  7 merfolk sirens
  36 black mambas
  6 water nymphs
  A naga zombie (Crypt:2)
  2 orange demons (D:10)
  6 guardian serpents
  2 smoke demons
  3 rust devils
  14 naga magi
  A mana viper zombie (Crypt:2)
  5 kobold blastminers
  4 centaur skeletons
  6 torpor snails (Lair:5)
  3 eyes of devastation (Slime:1)
  An apocalypse crab (Abyss:2)
  17 vault sentinels
  6 rime drakes
  A naga skeleton (Crypt:1)
  2 nameless horrors
  10 cane toads
  A hellion (Zot:1)
  3 freezing wraiths
  An ice devil (Lair:3)
  An efreet (Abyss:2)
  8 komodo dragons
  A dire elephant skeleton (Crypt:1)
  3 kobold demonologists
  2 tormentors
  2 ancient zymes (Abyss:2)
  Psyche (D:8)
  2 guardian mummies (Crypt:1)
  34 yaktaurs
  An alligator snapping turtle skeleton (Crypt:1)
  7 tengu conjurers
  2 red devils
  A hellwing (Zot:1)
  4 tyrant leeches (Lair:5)
  19 merfolk
  6 trolls
  12 polar bears
  7 wind drakes
  A wind drake (shapeshifter) (D:15)
  A glass eye (Depths:1)
  10 hornets
  14 blink frogs
  6 raiju (Abyss:2)
  A tarantella zombie (Crypt:1)
  A merfolk zombie (Crypt:1)
  A satyr zombie (Crypt:1)
  A centaur simulacrum (D:15)
  8 snapping turtles
  An ice dragon skeleton (Crypt:1)
  19 dream sheep
  A satyr skeleton (Crypt:2)
  83 slime creatures
  Eustachio (D:5)
  A vampire (D:14)
  A fire elemental (Elf:1)
  A shadow (Crypt:3)
  11 wraiths
  7 wyverns
  17 water elementals
  A hog (shapeshifter) (D:15)
  7 wargs
  Grum (D:11)
  3 basilisks
  4 neqoxecs
  79 yaks
  A redback (shapeshifter) (Vaults:4)
  11 vampire mosquitoes
  13 golden eyes
  2 hogs (Shoals:1)
  2 steam dragons
  2 death yak simulacra (Lair:3)
  2 acid dragons
  A chaos spawn (D:10)
  Edmund (D:5)
  45 nagas
  A faun skeleton (Crypt:1)
  23 water moccasins
  18 hell hounds
  A water moccasin (shapeshifter) (D:14)
  2 sky beasts
  Pargi (D:4)
  19 orc warriors
  2 hornet zombies
  13 black bears
  18 laughing skulls
  16 ogres
  41 wolves
  A dream sheep zombie (Crypt:2)
  7 small abominations
  A dream sheep skeleton (Crypt:1)
  6 phantoms
  A lindwurm skeleton (Crypt:2)
  An elephant skeleton (Crypt:2)
  10 centaurs
  A weeping skull (Abyss:2)
  2 kobold brigands
  6 scorpions
  4 necrophages (Crypt:3)
  2 earth elementals
  12 bullfrogs
  A wyvern skeleton (Crypt:2)
  10 wights
  A hornet simulacrum (D:15)
  4 burial acolytes (Crypt:3)
  6 killer bees (D:8)
  2 troll zombies (D:12)
  A howler monkey (D:9)
  8 electric eels
  A bombardier beetle (D:3)
  6 jellies
  A quasit (Abyss:2)
  3 hounds
  2 gnoll boudas
  19 orc priests
  2 sleepcaps (D:6)
  Natasha (twice) (D:2)
  5 iguanas
  36 orc wizards
  A polar bear simulacrum (Lair:3)
  A spriggan simulacrum (Lair:3)
  4 ogre zombies (D:12)
  A deep dwarf skeleton (Crypt:1)
  27 gnolls
  15 adders
  2 shadow imps
  2 white imps
  An ufetubus (D:6)
  4 dart slugs
  2 ribbon worms (D:2)
  60 orcs
  9 ball pythons
  2 bats
  7 endoplasms
  9 giant cockroaches
  12 hobgoblins
  4 jackals (D:4)
  13 kobolds
  2 quokkas
  13 frilled lizards (D:3)
  2 gnoll skeletons (D:12)
  A gnoll zombie (D:12)
  13 goblins
  4 orc skeletons (D:12)
  12 orc zombies (D:12)
  3 rats
  3 aspiring fleshes (Zot:3)
  A fulminant prism (D:11)
  A tentacle (Shoals:4)
2304 creatures vanquished.

Vanquished Creatures (collateral kills)
  Xtahua (Vaults:4)
  2 royal mummies (Crypt:1)
  Boris (Crypt:3)
  Bai Suzhen (Crypt:1)
  Vashnia (Snake:2)
  A profane servitor (Crypt:3)
  3 Orb Guardians (Zot:5)
  A quicksilver dragon (Zot:5)
  2 tentacled monstrosities
  2 deep elf master archers (Elf:3)
  Donald (Shoals:3)
  5 protean progenitors
  2 nagarajas (Snake:4)
  3 deep elf sorcerers (Elf:3)
  A deep elf elementalist (Elf:3)
  3 draconian scorchers
  A draconian shifter (Zot:1)
  A draconian stormcaller (Zot:5)
  2 ghouls (Crypt:2)
  2 quicksilver oozes
  A draconian annihilator (Zot:2)
  A vampire knight (Crypt:2)
  A black draconian (Zot:5)
  2 deep elf death magi (Elf:3)
  4 deep elf annihilators
  A deep elf demonologist (Elf:3)
  2 white draconians
  A war gargoyle (Vaults:2)
  A green draconian (Zot:2)
  A red draconian (Zot:1)
  An ettin (Zot:5)
  A fire dragon (Zot:1)
  A merfolk javelineer (Shoals:1)
  3 merfolk impalers
  2 jiangshi
  A mummy priest (Crypt:1)
  A yaktaur captain (Vaults:3)
  A great orb of eyes (Elf:3)
  A salamander tyrant (Snake:4)
  A spriggan skeleton (Crypt:3)
  A two-headed ogre (Zot:5)
  An anaconda (Snake:4)
  3 dancing weapons (Elf:2)
  2 death knights (Crypt:3)
  3 naga warriors (Snake:4)
  A soul eater (D:12)
  2 naga sharpshooters (Snake:4)
  4 skeletal warriors (Crypt:3)
  A hell knight (Crypt:3)
  7 deep elf knights
  A sixfirhy (D:12)
  A salamander mystic (Snake:4)
  A phantasmal warrior (Crypt:2)
  A sea snake (Shoals:4)
  A flayed ghost (Crypt:2)
  2 harpies (Shoals:1)
  2 deep elf archers
  A naga ritualist (Snake:4)
  6 deep elf pyromancers
  2 orc knights (Elf:3)
  A necromancer (Crypt:3)
  A shining eye (Slime:4)
  4 deep elf zephyrmancers (Elf:2)
  3 manticores
  An orc sorcerer (Elf:3)
  A nameless horror (Elf:3)
  2 ugly things (Abyss:2)
  A moth of wrath (Zot:1)
  4 merfolk sirens (Shoals:4)
  4 guardian serpents (Snake:4)
  A vault sentinel (Vaults:4)
  3 naga magi (Snake:4)
  A water nymph (Shoals:1)
  A black mamba (Snake:1)
  A steelbarb worm zombie (Crypt:2)
  3 yaktaurs (Vaults:3)
  A storm dragon simulacrum (Crypt:3)
  2 guardian mummies (Crypt:1)
  A tormentor (Abyss:2)
  An ancient zyme (Abyss:2)
  A merfolk (Shoals:2)
  A wind drake (Shoals:4)
  3 snapping turtles
  4 slime creatures (Slime:4)
  A ynoxinul (Abyss:2)
  A harpy simulacrum (Crypt:3)
  4 nagas
  A laughing skull (Crypt:3)
  An earth elemental (Elf:1)
  An aspiring flesh (Zot:4)
162 creatures vanquished.

Vanquished Creatures (others)
  2 draconian knights
  A red draconian (Zot:1)
  An ettin (Depths:1)
  A dancing weapon (Elf:3)
  An occultist (Depths:4)
  A lindwurm (Vaults:2)
  2 ugly things (Depths:4)
  99 fire vortices
  2 foxfires (Shoals:4)
  46 fulminant prisms
  2 starspawn tentacles (Abyss:2)
  3 tentacles (Shoals:4)
161 creatures vanquished.

Grand Total: 2627 creatures vanquished

Notes
Turn   | Place    | Note
-------+----------+-------------------------------------------
     0 | D:1      | Nilihum the Djinni Conjurer began the quest for the Orb.
     0 | D:1      | Nilihum set off with the following spells memorised: Magic
                  | Dart, Searing Ray, Fulminant Prism, Iskenderun's Mystic
                  | Blast.
     0 | D:1      | Reached XP level 1. HP: 15/15 MP: 0/0
   105 | D:1      | Reached XP level 2. HP: 19/22 MP: 0/0
   243 | D:1      | Reached skill level 1 in Fighting
   467 | D:1      | Reached XP level 3. HP: 25/27 MP: 0/0
   467 | D:1      | Learned a level 1 spell: Foxfire
   932 | D:2      | Reached XP level 4. HP: 25/32 MP: 0/0
  1205 | D:2      | Noticed Natasha
  1381 | D:2      | Killed Natasha
  1939 | D:2      | Reached XP level 5. HP: 27/38 MP: 0/0
  1939 | D:2      | Learned a level 2 spell: Jinxbite
  2646 | D:2      | Noticed Natasha
  2648 | D:2      | Killed Natasha
  2923 | D:2      | Reached XP level 6. HP: 42/45 MP: 0/0
  4234 | D:4      | Found a transporter.
  4241 | D:4      | Noticed Pargi
  4256 | D:4      | Found a transporter.
  4269 | D:4      | Killed Pargi
  4270 | D:4      | Reached XP level 7. HP: 14/50 MP: 0/0
  4270 | D:4      | Learned a level 2 spell: Lesser Beckoning
  4650 | D:4      | Reached skill level 5 in Dodging
  4754 | D:4      | You are sucked into a shaft and drop 2 floors!
  4781 | D:5      | Entered Level 5 of the Dungeon
  4786 | D:5      | Gained mutation: Your spells are a little harder to cast,
                  | but a little more powerful. [potion of mutation]
  4786 | D:5      | Gained mutation: Your mind is acute. (Int +4, Str/Dex -1)
                  | [potion of mutation]
  4788 | D:5      | Reached skill level 5 in Spellcasting
  4788 | D:5      | Reached skill level 5 in Conjurations
  4788 | D:5      | Reached skill level 5 in Hexes
  4788 | D:5      | Reached skill level 5 in Summonings
  4788 | D:5      | Reached skill level 5 in Necromancy
  4788 | D:5      | Reached skill level 5 in Translocations
  4788 | D:5      | Reached skill level 5 in Fire Magic
  4788 | D:5      | Reached skill level 5 in Ice Magic
  4788 | D:5      | Reached skill level 5 in Air Magic
  4788 | D:5      | Reached skill level 5 in Earth Magic
  4788 | D:5      | Reached skill level 5 in Alchemy
  5039 | D:5      | Noticed a wraith
  5073 | D:5      | Reached XP level 8. HP: 55/58 MP: 0/0
  6008 | D:5      | Noticed Eustachio
  6026 | D:5      | Killed Eustachio
  6027 | D:5      | Reached skill level 5 in Fighting
  6244 | D:5      | Noticed Edmund
  6257 | D:5      | Killed Edmund
  6412 | D:5      | Killed a wraith
  6413 | D:5      | Reached XP level 9. HP: 54/66 MP: 0/0
  6413 | D:5      | Learned a level 3 spell: Sigil of Binding
  8061 | D:6      | Found a staircase to the Ecumenical Temple.
  8127 | Temple   | Entered the Ecumenical Temple
  8135 | Temple   | Became a worshipper of Makhleb the Destroyer
  8549 | D:6      | Reached XP level 10. HP: 61/75 MP: 0/0
  8756 | D:7      | Found a flagged portal.
  8765 | Bailey   | Entered a bailey
  9205 | Bailey   | Noticed a kobold demonologist
  9585 | Bailey   | Reached * piety under Makhleb
  9885 | Bailey   | Noticed an orc sorcerer
 10028 | Bailey   | Killed an orc sorcerer
 10235 | Bailey   | Noticed a soul eater
 10238 | Bailey   | Killed a kobold demonologist
 10243 | Bailey   | Found an iron altar of Okawaru.
 10690 | D:7      | Reached ** piety under Makhleb
 10775 | D:7      | Identified the ring of the Blushing Gods {Ice rElec rPois
                  | Int+3 Stlth-}
 10894 | D:7      | Found Bubob's Jewellery Emporium.
 11104 | D:7      | Found a glowing silver altar of Zin.
 11166 | D:8      | Reached XP level 11. HP: 74/82 MP: 0/0
 11166 | D:8      | Learned a level 5 spell: Alistair's Intoxication
 11579 | D:8      | Noticed Maurice
 11617 | D:8      | Acquired the amulet of Ilieril {Faith Int+3 Stlth+}
 11732 | D:8      | Noticed Psyche
 11740 | D:8      | Killed Psyche
 11834 | D:8      | Identified the +12 flail of Irritation {drain, Str+2 SInv}
 11973 | D:8      | Found a shadowy altar of Dithmenos.
 12171 | D:8      | Maurice stole a ring of protection from cold
 12173 | D:8      | Maurice stole 2 throwing nets
 12174 | D:8      | Killed Maurice
 12175 | D:8      | Reached skill level 10 in Dodging
 13562 | D:9      | Reached *** piety under Makhleb
 13758 | D:10     | Entered Level 10 of the Dungeon
 13959 | D:10     | Found an opulent altar of Gozag.
 14122 | D:10     | Found a basalt altar of Yredelemnul.
 14428 | D:10     | Reached skill level 10 in Spellcasting
 14428 | D:10     | Reached skill level 10 in Conjurations
 14428 | D:10     | Reached skill level 10 in Hexes
 14428 | D:10     | Reached skill level 10 in Summonings
 14428 | D:10     | Reached skill level 10 in Necromancy
 14428 | D:10     | Reached skill level 10 in Translocations
 14428 | D:10     | Reached skill level 10 in Fire Magic
 14428 | D:10     | Reached skill level 10 in Ice Magic
 14428 | D:10     | Reached skill level 10 in Air Magic
 14428 | D:10     | Reached skill level 10 in Earth Magic
 14428 | D:10     | Reached skill level 10 in Alchemy
 14632 | D:10     | Found a staircase to the Lair.
 14642 | D:10     | Reached XP level 12. HP: 65/91 MP: 0/0
 14816 | D:10     | Gained mutation: You have hidden genetic defects. [a
                  | neqoxec]
 14821 | D:10     | Gained mutation: You occasionally lose the ability to drink
                  | potions when taking damage. [a neqoxec]
 14860 | D:10     | Lost mutation: Your spells are a little harder to cast, but
                  | a little more powerful. [potion of mutation]
 14860 | D:10     | Lost mutation: You have hidden genetic defects. [potion of
                  | mutation]
 14860 | D:10     | Lost mutation: You occasionally lose the ability to drink
                  | potions when taking damage. [potion of mutation]
 14947 | D:10     | Reached skill level 10 in Fighting
 15359 | D:11     | Reached **** piety under Makhleb
 15428 | D:11     | Noticed Grum
 15433 | D:11     | Killed Grum
 15625 | D:11     | Noticed a two-headed ogre
 15635 | D:11     | Killed a two-headed ogre
 15754 | D:11     | Noticed Nergalle
 15768 | D:11     | Killed Nergalle
 15926 | Lair:1   | Entered Level 1 of the Lair of Beasts
 16445 | Lair:1   | Noticed a boulder beetle
 16448 | Lair:1   | Reached XP level 13. HP: 88/98 MP: 0/0
 16448 | Lair:1   | Learned a level 5 spell: Iskenderun's Battlesphere
 16614 | Lair:1   | Reached ***** piety under Makhleb
 17853 | Lair:2   | Identified the +8 chain mail "Haly" {Will+ Regen+}
 17868 | Lair:2   | Found a staircase to the Shoals.
 18315 | Lair:3   | Noticed Nessos
 18316 | Lair:3   | Paralysed by Nessos for 5 turns
 18323 | Lair:3   | HP: 5/101 [Nessos/arrow (3)]
 18324 | Lair:3   | Nessos changed into Nessos the cyclops
 18324 | Lair:3   | Noticed Nessos
 18596 | Lair:3   | Killed Nessos the cyclops
 18597 | Lair:3   | Reached XP level 14. HP: 84/107 MP: 0/0
 19214 | Lair:3   | Reached ****** piety under Makhleb
 19293 | Lair:3   | Found a staircase to the Snake Pit.
 20293 | Lair:3   | You are sucked into a shaft and drop 1 floor!
 22120 | Lair:5   | Entered Level 5 of the Lair of Beasts
 22358 | Lair:5   | Reached XP level 15. HP: 115/115 MP: 0/0
 22358 | Lair:5   | Learned a level 6 spell: Starburst
 22504 | Lair:5   | Found a staircase to the Slime Pits.
 22863 | Lair:5   | Identified the +2 leather armour of Buczuhur {rN+++ Str-5
                  | Int-5 Stlth+}
 23368 | Lair:5   | Noticed Josephine
 23374 | Lair:5   | Killed Josephine
 23377 | Lair:5   | Reached skill level 15 in Dodging
 25086 | Lair:5   | Reached skill level 15 in Spellcasting
 25086 | Lair:5   | Reached skill level 15 in Conjurations
 25086 | Lair:5   | Reached skill level 15 in Hexes
 25086 | Lair:5   | Reached skill level 15 in Summonings
 25086 | Lair:5   | Reached skill level 15 in Necromancy
 25086 | Lair:5   | Reached skill level 15 in Translocations
 25086 | Lair:5   | Reached skill level 15 in Fire Magic
 25086 | Lair:5   | Reached skill level 15 in Ice Magic
 25086 | Lair:5   | Reached skill level 15 in Air Magic
 25086 | Lair:5   | Reached skill level 15 in Earth Magic
 25086 | Lair:5   | Reached skill level 15 in Alchemy
 26725 | D:12     | Reached XP level 16. HP: 114/124 MP: 0/0
 26725 | D:12     | Found a staircase to the Orcish Mines.
 27267 | D:12     | Found Osomuch's Antique Weapon Emporium.
 27883 | Orc:1    | Entered Level 1 of the Orcish Mines
 28166 | Orc:2    | Entered Level 2 of the Orcish Mines
 28212 | Orc:2    | Found a staircase to the Elven Halls.
 28457 | Orc:2    | Found a runed translucent door.
 28457 | Orc:2    | Found a shimmering altar of Xom.
 28457 | Orc:2    | Noticed mopl's ghost (journeyman GrFi)
 29058 | Orc:2    | Found Vusodir's Antique Armour Emporium.
 29109 | Orc:2    | Found Cuet's Jewellery Shoppe.
 29429 | Orc:2    | Found Liatijos's Distillery.
 29429 | Orc:2    | Found Welokkok's Antique Weapon Emporium.
 29789 | Orc:2    | Bought a potion of heal wounds for 70 gold pieces
 29789 | Orc:2    | Bought a potion of heal wounds for 70 gold pieces
 29789 | Orc:2    | Bought a potion of haste for 140 gold pieces
 30739 | Orc:1    | Found Zothraff's Armour Shoppe.
 31576 | D:14     | Reached skill level 15 in Fighting
 32211 | D:14     | Found Xatyisol's Book Shoppe.
 32245 | D:14     | Found a gate to the Vaults.
 32341 | D:14     | Found a runed translucent gate.
 32342 | D:14     | Found a runed translucent gate.
 32342 | D:14     | Found a runed translucent gate.
 32342 | D:14     | Noticed a lich
 32343 | D:14     | Noticed a lich
 32343 | D:14     | Noticed a lich
 32343 | D:14     | Noticed Ruloc's ghost (journeyman GrBe)
 32343 | D:14     | Noticed Jaliuk's ghost (journeyman DECj)
 32857 | D:15     | Entered Level 15 of the Dungeon
 33773 | D:15     | Reached XP level 17. HP: 95/131 MP: 0/0
 33773 | D:15     | Learned a level 7 spell: Summon Hydra
 34093 | D:15     | Found a staircase to the Depths.
 34490 | D:14     | Killed a lich
 34490 | D:14     | Killed a lich
 34490 | D:14     | Killed a lich
 34496 | D:14     | Killed Jaliuk's ghost
 34502 | D:14     | Killed Ruloc's ghost
 34510 | D:14     | Identified the +0 hat "Avothoop" {rElec rF+ Dex+3}
 34518 | D:14     | Identified the amulet of Digeof {Fly rPois Regen+ Stlth+}
 34672 | Snake:1  | Entered Level 1 of the Snake Pit
 34678 | Snake:1  | Noticed Rupert
 35070 | Lair:3   | Killed Rupert
 35398 | Snake:1  | Noticed Louise
 35401 | Abyss:2  | Cast into level 2 of the Abyss (Louise)
 35646 | Abyss:2  | Noticed a bone dragon
 35656 | Abyss:2  | Noticed a tentacled starspawn
 35658 | Abyss:2  | Paralysed by accursed screaming for 1 turns
 35678 | Abyss:2  | Noticed a bone dragon
 35681 | Snake:1  | Escaped the Abyss
 35910 | Snake:1  | Killed Louise
 35950 | Snake:1  | Noticed Asterion
 35958 | Snake:1  | Killed Asterion
 36526 | Snake:1  | Identified the +1 robe of Minor Irritation {Int+2}
 38291 | Snake:2  | Noticed Vashnia
 38323 | Snake:2  | Reached XP level 18. HP: 61/141 MP: 0/0
 38801 | Snake:2  | Killed Vashnia
 39900 | Snake:2  | Found Ona Hiubb's Jewellery Boutique.
 39901 | Snake:2  | Found Lexivu's Book Emporium.
 39901 | Snake:2  | Found Vashrytiux's Book Emporium.
 41880 | Snake:4  | Entered Level 4 of the Snake Pit
 42289 | Snake:4  | Identified the serpent talisman of Moral Flaws {rF- Int+5}
 42289 | Snake:4  | Noticed Aizul
 42300 | Snake:4  | Killed Aizul
 42872 | Snake:4  | Reached XP level 19. HP: 122/148 MP: 0/0
 42872 | Snake:4  | Learned a level 6 spell: Death Channel
 44010 | Snake:4  | Got a serpentine rune of Zot
 44208 | Shoals:1 | Entered Level 1 of the Shoals
 44384 | Shoals:1 | Acquired the staff of Doskyuthie {rPois rF+ rN+ Dex-5
                  | Alchemy}
 45280 | Shoals:1 | Identified the +5 ring mail of Nuysaan {rElec}
 45291 | Shoals:1 | Noticed Kirke
 45312 | Shoals:1 | Killed Kirke
 45403 | Shoals:1 | Noticed Roxanne
 46135 | Shoals:1 | Killed Roxanne
 46388 | Shoals:2 | Reached skill level 1 in Shapeshifting
 46795 | Shoals:2 | Noticed Ilsuiw
 47027 | Shoals:2 | Noticed Polyphemus
 47102 | Shoals:2 | Killed Polyphemus
 47502 | Shoals:2 | Identified the +10 sling of Fivun {drain, Fly}
 47709 | Shoals:2 | Killed Ilsuiw
 47788 | Shoals:2 | Identified the +7 hand cannon of the Desolation of Salt
                  | {freeze, rElec Dex+4}
 47865 | Shoals:2 | Reached skill level 5 in Shapeshifting
 48188 | Shoals:2 | Noticed Frances
 48219 | Shoals:2 | Reached XP level 20. HP: 132/157 MP: 0/0
 48720 | Shoals:3 | Identified the +10 shortbow "Haadasun" {elec, ^Fragile
                  | Str+3 Int+5 Stlth+}
 48982 | Shoals:3 | Noticed Donald
 48989 | Shoals:3 | Killed Donald
 49304 | Shoals:3 | Found Tamnots's Antique Armour Shoppe.
 49908 | Shoals:4 | Entered Level 4 of the Shoals
 52381 | Shoals:4 | Identified the +4 rapier of Entrepreneurial Spirit {flame,
                  | Int+5}
 53371 | Shoals:4 | Found a runed translucent door.
 53371 | Shoals:4 | Noticed MrCrawl's ghost (adept MiBe)
 54558 | Shoals:4 | Got a barnacled rune of Zot
 55032 | Elf:1    | Entered Level 1 of the Elven Halls
 55758 | Elf:1    | Reached skill level 10 in Shapeshifting
 57003 | Elf:1    | Reached XP level 21. HP: 107/163 MP: 0/0
 57003 | Elf:1    | Learned a level 8 spell: Summon Horrible Things
 57902 | Elf:2    | Noticed Agnes
 58131 | Elf:2    | Killed Agnes
 58358 | Elf:2    | Found a runed translucent gate.
 58360 | Elf:2    | Found a runed translucent gate.
 58362 | Elf:2    | Found a runed translucent gate.
 58429 | Elf:2    | Identified the +4 chain mail of Iroum {^Contam +Blink Will+
                  | Regen+}
 58596 | Elf:2    | Identified the +1 robe of the Depths {Stlth+}
 58773 | Elf:2    | Found a runed translucent door.
 58776 | Elf:2    | Noticed diceflayer's ghost (adept DsFi)
 60246 | Elf:3    | Entered Level 3 of the Elven Halls
 61626 | Elf:3    | Identified the +8 rapier of Fedhas's Whim {drain, SInv}
 62675 | Elf:3    | Identified the ring "Wines" {rN++ Str+4 SInv}
 62739 | Elf:3    | HP: 4/163 [Executioner[a deep elf demonologist] (7)]
 62745 | Elf:3    | HP: 5/163 [sixfirhy[a deep elf demonologist] (11)]
 62745 | Elf:3    | HP: 1/163 [sixfirhy[a deep elf demonologist] (4)]
 63096 | Elf:3    | Identified the +7 great mace "Spiderbane" {freeze, *Noise
                  | Dex+5 SInv}
 63127 | Elf:3    | Noticed a Tzitzimitl
 63338 | Elf:3    | Reached XP level 22. HP: 158/169 MP: 0/0
 63499 | Elf:3    | Identified the +4 ring mail of the Thunderstorm {rElec
                  | rPois Will- Int-2}
 63516 | Elf:3    | Acquired 736 gold pieces
 63545 | Elf:3    | Identified the +6 mace of the Forsaken Realms {flame, rElec
                  | rF+ rN+}
 64446 | Vaults:1 | Entered Level 1 of the Vaults
 64992 | Vaults:1 | Reached skill level 15 in Shapeshifting
 65892 | Vaults:2 | Found Buirousm's Weapon Shop.
 66915 | Vaults:2 | Reached XP level 23. HP: 178/178 MP: 0/0
 66915 | Vaults:2 | Learned a level 8 spell: Borgnjor's Revivification
 67270 | Vaults:2 | Found a staircase to the Crypt.
 67930 | Vaults:3 | Found Gericw's Weapon Emporium.
 68081 | Vaults:3 | Found Ceatril's Jewellery Shoppe.
 68120 | Vaults:3 | Identified the orb "Ziujur" {*channel, Regen+}
 68120 | Vaults:3 | Noticed Frederick
 68129 | Vaults:3 | Killed Frederick
 69047 | Vaults:4 | Noticed Xtahua
 69065 | Vaults:4 | Killed Xtahua
 69091 | Vaults:4 | Reached skill level 1 in Shields
 69173 | Vaults:4 | Noticed Mennas
 69486 | Crypt:1  | Entered Level 1 of the Crypt
 69706 | Crypt:1  | You are sucked into a shaft and drop 1 floor!
 69741 | Crypt:1  | Noticed Bai Suzhen
 69774 | Crypt:1  | Killed Bai Suzhen
 69945 | Crypt:1  | Reached XP level 24. HP: 187/187 MP: 0/0
 70032 | Crypt:1  | Noticed a royal mummy
 70042 | Crypt:1  | Killed a royal mummy
 70043 | Crypt:1  | Reached skill level 5 in Shields
 70126 | Crypt:1  | Gained mutation: Your health recovers twice as slowly from
                  | being drained. [a neqoxec]
 70132 | Crypt:1  | Identified the amulet "Simim" {Spirit rCorr Slay+5}
 70132 | Crypt:1  | Noticed a royal mummy
 70135 | Crypt:1  | Killed a royal mummy
 70136 | Crypt:1  | Noticed Khufu
 70148 | Crypt:1  | Killed Khufu
 71382 | Crypt:3  | Entered Level 3 of the Crypt
 71679 | Crypt:3  | Noticed Boris
 71684 | Crypt:3  | Killed Boris
 71903 | Crypt:3  | Found a basalt altar of Yredelemnul.
 72189 | Crypt:3  | Identified the +0 scale mail "Ufourek" {rN+ rCorr Str+2}
 72634 | Crypt:3  | Found a staircase to the Tomb.
 72690 | Crypt:3  | Identified the staff of the Establishment {*Slow rC++ rN+
                  | Stlth+ Hexes Necro}
 73012 | Depths:1 | Entered Level 1 of the Depths
 73079 | Depths:1 | Found a gateway to Hell.
 73126 | Depths:1 | Found an opulent altar of Gozag.
 73223 | Depths:1 | Reached XP level 25. HP: 180/180 MP: 0/0
 73223 | Depths:1 | Learned a level 8 spell: Lehudib's Crystal Spear
 73431 | Depths:1 | Found a one-way gate to the infinite horrors of the Abyss.
 73437 | Depths:1 | Reached skill level 10 in Shields
 73507 | Depths:1 | Found Ynyjih's Antique Weapon Emporium.
 73507 | Depths:1 | Found Huwouwuf's Book Shoppe.
 74467 | Depths:2 | You are sucked into a shaft and drop 1 floor!
 74623 | Depths:3 | Found a one-way gate leading to the halls of Pandemonium.
 74767 | Depths:3 | Noticed a caustic shrike
 74774 | Depths:3 | Killed a caustic shrike
 75277 | Depths:3 | Found a one-way gateway to a ziggurat.
 76425 | Depths:4 | Entered Level 4 of the Depths
 76435 | Depths:4 | Reached XP level 26. HP: 173/173 MP: 0/0
 76696 | Depths:4 | Gained mutation: You sometimes lose your temper in combat.
                  | [mutagenic glow]
 76703 | Depths:4 | Lost mutation: Your mind is acute. (Int +4, Str/Dex -1)
                  | [mutagenic glow]
 76724 | Depths:4 | Gained mutation: You are dopey. (Int -2) [mutagenic glow]
 76834 | Depths:4 | Identified the amulet "Paxyo" {Fly rElec rF+ Regen+}
 77094 | Depths:4 | Found a gate to the Realm of Zot.
 77116 | Depths:4 | Identified the amulet of Edwa {rC+ Regen+ rCorr Int+2 SInv}
 77239 | Depths:4 | Identified the +5 halberd "Goavirph" {freeze, Str+9}
 77922 | Slime:1  | Entered Level 1 of the Pits of Slime
 77938 | Slime:1  | Reached skill level 15 in Shields
 78325 | Slime:5  | Entered Level 5 of the Pits of Slime
 78328 | Slime:5  | Lost mutation: You sometimes lose your temper in combat.
                  | [potion of mutation]
 78328 | Slime:5  | Lost mutation: Your health recovers twice as slowly from
                  | being drained. [potion of mutation]
 78328 | Slime:5  | Lost mutation: You are dopey. (Int -2) [potion of mutation]
 78328 | Slime:5  | Gained mutation: You possess an exceptional clarity of
                  | mind. [potion of mutation]
 78328 | Slime:5  | Gained mutation: You are resistant to electric shocks.
                  | (rElec) [potion of mutation]
 78328 | Slime:5  | Gained mutation: You occasionally lose the ability to read
                  | scrolls when taking damage. [potion of mutation]
 78329 | Slime:5  | Lost mutation: You possess an exceptional clarity of mind.
                  | [potion of mutation]
 78329 | Slime:5  | Lost mutation: You occasionally lose the ability to read
                  | scrolls when taking damage. [potion of mutation]
 78329 | Slime:5  | Gained mutation: You are strong-willed. (Will+) [potion of
                  | mutation]
 78329 | Slime:5  | Gained mutation: You expend health (3 HP) to strengthen
                  | your wands. [potion of mutation]
 78329 | Slime:5  | Gained mutation: You passively map a small area around you.
                  | [potion of mutation]
 78393 | Slime:5  | Reached XP level 27. HP: 156/178 MP: 0/0
 78393 | Slime:5  | Learned a level 9 spell: Fire Storm
 78448 | Slime:5  | Found a viscous altar of Jiyva.
 78448 | Slime:5  | Noticed the Royal Jelly
 78467 | Slime:5  | Killed the Royal Jelly
 78539 | Slime:5  | Found the +9 sword of Zonguldrok {reap}
 78589 | Slime:5  | Identified the +6 war axe "Seiriuss" {heavy, rElec rF-
                  | Int-2 Stlth+}
 78684 | Slime:5  | Got a slimy rune of Zot
 78702 | Slime:5  | Identified the +3 flail of Terra Nullius {antimagic, +Blink
                  | rF+ rCorr}
 79071 | Zot:1    | Entered Level 1 of the Realm of Zot
 80418 | Zot:1    | Noticed an orb of fire
 80421 | Zot:1    | Noticed an orb of fire
 80424 | Zot:1    | Killed an orb of fire
 80427 | Zot:1    | Killed an orb of fire
 80656 | Zot:1    | Found a candlelit altar of Ignis.
 80663 | Zot:1    | Identified the orb "Bilane" {mayhem, rElec Dex+4 Tloc}
 80664 | Zot:1    | Identified the ring "Olavaehe" {rC- Str-5 Int+6 Dex+8
                  | Stlth+}
 80685 | Zot:1    | You are sucked into a shaft and drop 1 floor!
 80686 | Zot:2    | Identified the +7 flail "Onioh" {protect, Str-3 Dex+5}
 83195 | Zot:4    | Noticed an orb of fire
 83200 | Zot:4    | Killed an orb of fire
 83776 | Zot:5    | Entered Level 5 of the Realm of Zot
 84179 | Zot:5    | Noticed an ancient lich
 84213 | Zot:5    | Killed an ancient lich
 84239 | Zot:5    | Noticed an orb of fire
 84251 | Zot:5    | Killed an orb of fire
 84267 | Zot:5    | Noticed an orb of fire
 84275 | Zot:5    | Killed an orb of fire
 84276 | Zot:5    | Reached skill level 27 in Spellcasting
 84276 | Zot:5    | Reached skill level 27 in Conjurations
 84276 | Zot:5    | Reached skill level 27 in Hexes
 84276 | Zot:5    | Reached skill level 27 in Summonings
 84276 | Zot:5    | Reached skill level 27 in Necromancy
 84276 | Zot:5    | Reached skill level 27 in Translocations
 84276 | Zot:5    | Reached skill level 27 in Fire Magic
 84276 | Zot:5    | Reached skill level 27 in Ice Magic
 84276 | Zot:5    | Reached skill level 27 in Air Magic
 84276 | Zot:5    | Reached skill level 27 in Earth Magic
 84276 | Zot:5    | Reached skill level 27 in Alchemy
 84280 | Zot:5    | Noticed a Killer Klown
 84283 | Zot:5    | Noticed a Killer Klown
 84285 | Zot:5    | Noticed an orb of fire
 84402 | Zot:5    | Killed an orb of fire
 84444 | Zot:5    | Killed a Killer Klown
 84474 | Zot:5    | Killed a Killer Klown
 84482 | Zot:5    | Noticed an ancient lich
 84489 | Zot:5    | Killed an ancient lich
 84493 | Zot:5    | Noticed an orb of fire
 84495 | Zot:5    | Noticed an ancient lich
 84499 | Zot:5    | Killed an ancient lich
 84506 | Zot:5    | Noticed an ancient lich
 84507 | Zot:5    | Noticed an orb of fire
 84647 | Zot:5    | Noticed a Killer Klown
 84652 | Zot:5    | Gained mutation: You sometimes lose your temper in combat.
                  | [an orb of fire]
 84658 | Zot:5    | Killed a Killer Klown
 84664 | Zot:5    | Killed an orb of fire
 84892 | Zot:5    | Killed an orb of fire
 84911 | Zot:5    | Noticed an orb of fire
 84921 | Zot:5    | Killed an orb of fire
 84945 | Zot:5    | Killed an ancient lich
 85392 | Zot:5    | Got the Orb of Zot
 85425 | Zot:5    | Noticed Wellof the pandemonium lord
 85598 | Depths:4 | Noticed Ezaimp the pandemonium lord
 85648 | Depths:4 | Noticed Laarphuu the pandemonium lord
 85703 | Depths:2 | Noticed Gama the pandemonium lord
 85906 | D:12     | Noticed an ancient lich
 85908 | D:12     | Noticed Vaaviall the pandemonium lord
 85917 | D:12     | Killed from afar by an ancient lich (illusionary)

Illustrated notes

Levels and vault maps discovered:
D:1:      dpeg_arrival_long_road, layout_basic
D:2:      layout_loops_ring, uniq_natasha
D:3:      layout_basic, minmay_lizard_king
D:4:      gammafunk_steamed_eel, layout_loops_corners, minmay_crossroads,
          uniq_pargi
D:5:      layout_cave_pods, serial_column_ruins, column_ruins_hut,
          column_ruins_hut_pillars, column_ruins_grid_1,
          column_ruins_open_small_water, column_ruins_open_tiny,
          corexii_item_surrounded_by_moat, hangedman_abyss_or_decor_lesser_grid,
          uniq_eustachio, uniq_edmund
D:6:      layout_loops_ring, minmay_temple_entry_crystal_x,
          gup_sewer_entry_glass, nzn_random_ring
D:7:      nicolae_cairo_tiling_very_big, layout_cave_pools,
          mainiacjoe_overflow_brackets, enter_bailey_2, serial_shops, shop
D:8:      layout_gridville, lemuel_crystal_altar, minmay_checkerbox,
          uniq_maurice, uniq_psyche
D:9:      layout_grid_maze
D:10:     layout_loops_corners, mainiacjoe_overflow_24_doors,
          mainiacjoe_overflow_tiny_flanked, grunt_lair_entry_orc_guard_hut,
          chequers_garden, nicolae_neqoxec_dot_bat
D:11:     layout_loops_ring, uniq_nergalle, uniq_grum
D:12:     layout_cave_pools, zombieorc1_lemuel, serial_shops, shop,
          nicolae_underground_beach
D:13:     layout_rooms, chequers_serial_rivers_micro_b, grunt_ministairs_8
D:14:     layout_roguey, erik_vaults_1, nicolae_concentric_dashed_squares_mild,
          gammafunk_ghost_crypt, serial_shops, nicolae_shop_tiny_glass,
          nicolae_figureground_sparkle
D:15:     grunt_enter_depths_magical_seal, layout_basic,
          chequers_serial_rivers_marsh
Temple:   eino_narrow_crystal_temple
Lair:1:   layout_roguey, minmay_holes, serial_bayou_shore_a
Lair:2:   layout_loops_ring, minmay_shoals_entry_hut,
          grunt_forest_small_clearings
Lair:3:   dreamdust_isle_of_ice, layout_hall_layers,
          minmay_snake_entry_six_corridors, serial_bayou_pond_e, uniq_nessos
Lair:4:   layout_gridlike, st_stairs_3, infiniplex_staircase_pool_2,
          grunt_megastairs_4
Lair:5:   hangedman_lair_caniforms_friends, layout_cave_shapes, wormcave,
          slime_entry_2, lemuel_fruit_fields, uniq_josephine
Shoals:1: layout_shoals, nicolae_shoals_pincushion_passage, uniq_roxanne,
          uniq_kirke
Shoals:2: layout_shoals, nicolae_shoals_the_drawing_of_the_three, uniq_ilsuiw,
          uniq_polyphemus, uniq_frances
Shoals:3: nzn_motion_control, layout_shoals, serial_shops,
          nicolae_shop_hallway_plus, uniq_donald
Shoals:4: shoals_end_grunt_ice, layout_shoals, gammafunk_ghost_grave
Snake:1:  layout_onion_interference, uniq_asterion, uniq_rupert, uniq_louise
Snake:2:  layout_cave_town, nicolae_snake_scaly_snakehead, grunt_megastairs_2,
          minmay_shop_grove, uniq_vashnia
Snake:3:  layout_rooms, serial_bayou_lagoon_a
Snake:4:  grunt_snake_rune_serpentine_throne, layout_layer_cave,
          grunt_ministairs_15, uniq_aizul
Slime:1:  layout_caves, nicolae_slime_getting_an_eyeful
Slime:2:  layout_caves
Slime:3:  layout_caves
Slime:4:  layout_caves
Slime:5:  slime_pit_nicolae_block_by_block
Orc:1:    layout_caves, serial_shops, nicolae_shop_statue_plus, abandoned_shop
Orc:2:    kennysheep_orc_mage_school, layout_caves, gauntlet_entry_generic,
          ebering_ghost_xom, minmay_orc_temple_a
Elf:1:    nicolae_elf_arrival_fired_up, layout_loops_cross, basic_altar,
          serial_sigils, serial_sigils_hangedman_quiver,
          serial_sigils_hangedman_clutch, serial_sigils_hangedman_shear,
          serial_sigils_hangedman_writhe, serial_sigils_hangedman_stare,
          grunt_ministairs_9
Elf:2:    elven_hall_of_blades_hangedman_original
          [infiniplex_blade_entry_pillars], layout_onion_city,
          ebering_ghost_reflecting_pool, lemuel_elevator, uniq_agnes
Elf:3:    elf_hall, layout_loops_corners, elf_orc_summit_meeting
Vaults:1: hangedman_vaults_locks, nicolae_vaults_alarming,
          nicolae_vaults_doubleplus_tesselated, v_misc_27,
          grunt_vaults_diagonal, hangedman_vaults_stretched_pinwheel,
          nicolae_vaults_network_quinsquares
          [nicolae_vaults_network_quincunx_subvault,
          nicolae_vaults_network_quincunx_subvault,
          nicolae_vaults_network_quincunx_subvault,
          nicolae_vaults_network_quincunx_subvault],
          nicolae_vaults_shipping_containers_4, nicolae_vaults_sightless_eye,
          ontoclasm_vaults_idyll, layout_vaults_big_cross
Vaults:2: nicolae_vaults_disjoint_gnomons, ontoclasm_vaults_spin,
          nicolae_vaults_six-pack, nicolae_vaults_big_ls,
          minmay_crypt_entry_simple_corners, nicolae_vaults_storage_closets_1,
          nicolae_vaults_murderbox, hangedman_vaults_impose,
          nicolae_vaults_trapezoid_1, layout_vaults_omnigrid, serial_shops, shop
Vaults:3: nicolae_vaults_big_angled_halls, v_alt_pattern_4,
          nicolae_vaults_closet_pinwheel_5, nicolae_vaults_what_the_h,
          nicolae_vaults_surprise_closet_hard, nicolae_vaults_triangles,
          ontoclasm_vaults_claustrophobia, nicolae_vaults_layer_cake_slice,
          vaults_dpeg_hooks, nicolae_vaults_heart-shaped_vault, v_misc_27,
          nicolae_vaults_taking_the_gang_shopping, nicolae_vaults_trapezoid_2,
          hangedman_vaults_corner_blocks, layout_vaults_ring, serial_shops,
          nicolae_shop_gaudy_bauble, uniq_frederick
Vaults:4: hangedman_vaults_restitches, nicolae_vaults_trapezoid_1,
          nicolae_vaults_trapezoid_lopsided_4, v_misc_19, vaults_dpeg_cross,
          serial_library_hellmonk_reading_circle, ontoclasm_vaults_gateway,
          hangedman_vaults_hat, nicolae_vaults_spaceships,
          nicolae_vaults_cornered_office, nicolae_vaults_storage_room_glass,
          layout_vaults_omnibox, serial_shops, shop, uniq_xtahua, uniq_mennas
Crypt:1:  ragdoll_tomb_raider, layout_basic, uniq_bai_suzhen
Crypt:2:  layout_basic
Crypt:3:  grunt_crypt_end_deaths_head, uniq_khufu, uniq_boris
Depths:1: layout_long_grid, abyss_entry, grunt_gozag_statues, hell_entry,
          nicolae_rock_paper_scissors, minmay_shoptagon
Depths:2: minmay_ornate_pinched, layout_cave_shapes, hangedman_coc_ice_floe,
          grunt_pan_entry_in_and_out, minmay_misc_feat_iff
Depths:3: minmay_glassy_protrusions, layout_basic, enter_ziggurat_f, hell_entry,
          abyss_entry_crystal, serial_library_hellmonk_layered_room, pan_entry,
          minmay_staircase_bubble
Depths:4: hangedman_pleasuredromes, hell_entry, uniq_josephina
Zot:1:    regret_index_infernal_bastille, layout_onion_interference,
          grunt_megastairs_1
Zot:2:    layout_gridlike, nicolae_zot_crop_circle
Zot:3:    layout_gridville, regret_index_zotdec_obsidian_hm, uniq_parghit
Zot:4:    layout_cellular_growth, st_stairs_14
Zot:5:    layout_misc_corridors

Skill      XL: |  1  2  3  4  5  6  7  8  9 10 11 12 13 14 15 16 17 18 19 20 21 22 23 24 25 26 27 |
---------------+----------------------------------------------------------------------------------+-----
Fighting       | 1 2 3 4 5 7 8 9 10 12 13 14 15 16 17 18 19 20 22 | 22.7
Dodging        | 3 4 5 6 8 9 10 12 13 14 15 16 17 18 | 18.0
Spellcasting   | 4 5 6 7 8 10 11 12 13 15 16 17 18 19 20 21 22 23 27 | 27.0
Conjurations   | 4 5 6 7 8 10 11 12 13 15 16 17 18 19 20 21 22 23 27 | 27.0
Hexes          | 4 5 6 7 8 10 11 12 13 15 16 17 18 19 20 21 22 23 27 | 27.0
Summonings     | 4 5 6 7 8 10 11 12 13 15 16 17 18 19 20 21 22 23 27 | 27.0
Necromancy     | 4 5 6 7 8 10 11 12 13 15 16 17 18 19 20 21 22 23 27 | 27.0
Translocations | 4 5 6 7 8 10 11 12 13 15 16 17 18 19 20 21 22 23 27 | 27.0
Fire Magic     | 4 5 6 7 8 10 11 12 13 15 16 17 18 19 20 21 22 23 27 | 27.0
Ice Magic      | 4 5 6 7 8 10 11 12 13 15 16 17 18 19 20 21 22 23 27 | 27.0
Air Magic      | 4 5 6 7 8 10 11 12 13 15 16 17 18 19 20 21 22 23 27 | 27.0
Earth Magic    | 4 5 6 7 8 10 11 12 13 15 16 17 18 19 20 21 22 23 27 | 27.0
Alchemy        | 4 5 6 7 8 10 11 12 13 15 16 17 18 19 20 21 22 23 27 | 27.0
Shapeshifting  | 5 11 14 15 16 | 16.0
Shields        | 4 9 13 15 16 | 16.0
Stealth        | |  1.5

Action                     |  1- 3 |  4- 6 |  7- 9 | 10-12 | 13-15 | 16-18 | 19-21 | 22-24 | 25-27 || total
---------------------------+-------+-------+-------+-------+-------+-------+-------+-------+-------++-------
  Melee: Unarmed           |       |       |     8 |     1 |     2 |     4 |       |       |       ||    15
         Staff             |       |       |       |       |       |     1 |    11 |    38 |    13 ||    63
   Cast: Magic Dart        |    69 |    89 |   124 |   298 |   328 |   311 |   109 |    36 |    23 ||  1387
         Searing Ray       |     1 |    11 |     5 |     5 |     4 |     1 |       |       |       ||    27
         Iskenderun's Myst |       |    10 |    58 |   170 |   367 |   453 |   445 |   467 |   720 ||  2690
         Fulminant Prism   |       |     1 |     5 |    10 |     4 |    19 |     8 |       |       ||    47
         Sigil of Binding  |       |       |     1 |       |       |       |       |       |       ||     1
         Alistair's Intoxi |       |       |       |     5 |       |       |     1 |       |       ||     6
         Iskenderun's Batt |       |       |       |       |     4 |     4 |     1 |       |       ||     9
         Starburst         |       |       |       |       |    14 |   120 |   147 |   283 |   229 ||   793
         Summon Hydra      |       |       |       |       |       |    13 |    42 |     2 |     1 ||    58
         Death Channel     |       |       |       |       |       |       |     6 |       |       ||     6
         Foxfire           |       |       |       |       |       |       |     1 |       |       ||     1
         Summon Horrible T |       |       |       |       |       |       |    17 |    20 |    20 ||    57
         Borgnjor's Revivi |       |       |       |       |       |       |       |     1 |     1 ||     2
         Lehudib's Crystal |       |       |       |       |       |       |       |       |   183 ||   183
         Fire Storm        |       |       |       |       |       |       |       |       |    64 ||    64
  Evoke: Wand              |       |       |       |       |     2 |       |       |       |       ||     2
    Use: Scroll            |       |     7 |       |    11 |     9 |     6 |     7 |     9 |    21 ||    70
         Potion            |       |       |     2 |     3 |     3 |     9 |     9 |     1 |    19 ||    46
 Armour: Robe              |     5 |    32 |    34 |    87 |   145 |   241 |   302 |       |       ||   846
         Skin              |       |       |       |       |       |       |     4 |   564 |   919 ||  1487
  Dodge: Dodged            |     9 |    26 |    38 |   105 |   164 |   272 |   280 |   492 |   540 ||  1926
  Block: Kite shield       |       |       |       |       |       |       |       |   264 |   680 ||   944
   Form: Statue            |       |       |       |       |       |       |     1 |       |       ||     1
